 Dungeon Crawl Stone Soup version 0.20.1-1-g8b1a95d (webtiles) character file.

52 Irenicus the Slasher (level 3, 0/34 HPs)
             Began as a Naga Monk on Oct 8, 2017.
             Slain by a phantom (7 damage)
             ... on level 4 of the Dungeon.
             The game lasted 00:04:32 (1129 turns).

Irenicus the Slasher (Naga Monk)                    Turns: 1129, Time: 00:04:33

Health: 0/34       AC:  7    Str: 13    XL:     3   Next: 85%
Magic:  3/3        EV:  9    Int: 14    God:
Gold:   82         SH:  0    Dex: 14    Spells: 2/2 levels left

rFire    . . .     SeeInvis +   a - +0 falchion
rCold    . . .     Gourm    .   (no shield)
rNeg     . . .     Faith    .   b - +0 robe
rPois    +         Spirit   .   (no helmet)
rElec    .         Reflect  .   (no cloak)
rCorr    .         Harm     .   (no gloves)
MR       .....                  f - +1 naga barding
Stlth    ++........             (no amulet)
Regen    0.2/turn               d - ring of poison resistance
MPRegen  0.1/turn               h - +4 ring of intelligence

@: very slow
A: see invisible, deformed body, poison resistance, slowness 2, slow metabolism
1, spit poison 1, AC +1
a: Spit Poison


You were on level 4 of the Dungeon.
You were hungry.

You visited 1 branch of the dungeon, and saw 3 of its levels.

You collected 82 gold pieces.

Inventory:

Hand Weapons
 a - a +0 falchion (weapon)
Armour
 b - a +0 robe (worn)
 f - a +1 naga barding (worn)
Jewellery
 d - a ring of poison resistance (left hand)
 h - a +4 ring of intelligence (right hand)
Scrolls
 e - a scroll of enchant armour
 g - 2 scrolls of fear
Comestibles
 c - a bread ration
 i - a meat ration


   Skills:
 + Level 3.3 Fighting
 + Level 4.0 Long Blades
 + Level 2.7 Dodging
 - Level 3.0 Stealth


You had 2 spell levels left.
You didn't know any spells.

Dungeon Overview and Level Annotations

Branches:
Dungeon (2/15)

Altars:
Xom


Innate Abilities, Weirdness & Mutations

You cannot wear boots.
Your serpentine skin is tough. (AC +1)
You have supernaturally acute eyesight. (SInv)
Armour fits poorly on your strangely shaped body.
Your system is resistant to poisons. (rPois)
You cover ground very slowly.
You have a slow metabolism.
You can spit poison.


Message History

You hit the phantom.
The phantom is heavily damaged.
The phantom hits you but does no damage.
You hit the phantom.
The phantom is severely damaged.
The phantom closely misses you.
You barely miss the phantom.
The phantom is severely damaged.
The phantom hits you but does no damage.
You closely miss the phantom.
The phantom is severely damaged.
The phantom closely misses you.
You riposte.
You closely miss the phantom.
The phantom is severely damaged.
You closely miss the phantom.
The phantom is severely damaged.
The phantom barely misses you.
You hit the phantom.
The phantom is severely damaged.
The phantom hits you!
You die...

..... ....
....####...# #.
..........# #.
.........# #.###
........## +####....
......... ........#
#.......#
#.......#####@......#
........'...W........
........#####......#.
...................#
......##.W...........
...... #.............
..... #.............
..... #.............
.... #.............


You could see a phantom.

Vanquished Creatures
  2 worms (D:2)
  A dart slug (D:1)
  3 leopard geckos
  A ball python (D:2)
  4 giant cockroaches
  7 goblins
  4 hobgoblins
  A quokka (D:2)
  2 bats (D:1)
  4 frilled lizards
  2 kobolds (D:2)
  8 rats
39 creatures vanquished.

Notes
Turn   | Place    | Note
-------+----------+-------------------------------------------
     0 | D:1      | Irenicus the Naga Monk began the quest for the Orb.
     0 | D:1      | Reached XP level 1. HP: 21/21 MP: 1/1
   175 | D:1      | Reached XP level 2. HP: 12/28 MP: 2/2
   418 | D:1      | Reached XP level 3. HP: 15/34 MP: 3/3
   920 | D:2      | Reached skill level 4 in Long Blades
  1049 | D:2      | Found a shimmering altar of Xom.
  1075 | D:2      | Found a shimmering altar of Xom.
  1075 | D:2      | Found a shimmering altar of Xom.
  1075 | D:2      | Found a shimmering altar of Xom.
  1075 | D:2      | Found a shimmering altar of Xom.
  1077 | D:2      | Found a shimmering altar of Xom.
  1081 | D:2      | You fall through a shaft for 2 floors!
  1081 | D:4      | Noticed a phantom
  1129 | D:4      | Slain by a phantom

Skill      XL: |  1  2  3 |
---------------+----------+-----
Long Blades    | 4 |  4.0
Fighting       | |  3.3
Dodging        | |  2.7
Stealth        | |  3.0

Action                   || total
-------------------------++-------
Melee: Falchion          ||   149
  Use: Scroll            ||     4
       Potion            ||     1
 Stab: Sleeping          ||     5
Armor: Robe              ||    43
Dodge: Dodged            ||    63
       Rpst.: Falchion   ||    20
